 Dungeon Sprint DCSS version 0.28-a0-1506-g3893175d92 (webtiles) character file.

Game seed: 8172243512018270472

9611 tatocazan the Peltast (level 11, -15/83 HPs)
             Began as a Gargoyle Fighter on Jan 13, 2022.
             Was a High Priest of Okawaru.
             Demolished by an orc knight (21 damage)
             ... in the Dungeon (Sprint IX: "|||||||||||||||||||||||||||||").
             The game lasted 00:03:04 (1873 turns).

tatocazan the Peltast (Gargoyle Fighter)            Turns: 1873, Time: 00:03:05

Health: -15/83     AC: 20    Str: 25    XL:     11   Next: 49%
Magic:  11/11      EV: 10    Int: 15    God:    Okawaru [*****.]
Gold:   692        SH:  8    Dex: 18    Spells: 10/10 levels left

rFire   . . .      SeeInvis .   m - +2 morningstar of a bazaar {vorpal, Int+3}
rCold   . . .      Faith    .   c - +0 buckler
rNeg    + . .      Spirit   .   b - +1 ring mail "Vaytos" {Int+4 Dex+3}
rPois   ∞          Reflect  .   n - +0 helmet
rElec   +          Harm     .   o - +0 cloak
rCorr   .          Rampage  .   (no gloves)
Will    .....      NoTele   +   (no boots)
Stlth   +.........              (no amulet)
HPRegen 0.23/turn               q - +3 ring of dexterity
MPRegen 0.12/turn               r - +3 ring of dexterity

@: no status effects
A: sickness immunity, AC +8, negative energy resistance 1, electricity
resistance, torment resistance 1, petrification resistance
a: Renounce Religion, Heroism, Finesse


You were in the Dungeon.
You worshipped Okawaru.
Okawaru was extremely pleased with you.
You visited 1 branch You collected 692 gold pieces.

Inventory:

Hand Weapons
 a - a +0 flail
 m - the +2 morningstar of a bazaar (weapon) {vorpal, Int+3}
   (You found it in the Dungeon)

   It inflicts extra damage upon your enemies.
   Int:       It affects your intelligence (+3).
Armour
 b - the +1 ring mail "Vaytos" (worn) {Int+4 Dex+3}
   (You found it in the Dungeon)

   Int:       It affects your intelligence (+4).
   Dex:       It affects your dexterity (+3).
 c - a +0 buckler (worn)
 n - a +0 helmet (worn)
 o - a +0 cloak (worn)
 p - a +2 ring mail
Jewellery
 q - a +3 ring of dexterity (left hand)
 r - a +3 ring of dexterity (right hand)
Wands
 l - a wand of iceblast (10)
Scrolls
 i - 3 scrolls of fear
 j - 5 scrolls of blinking
 k - 2 scrolls of amnesia
 s - a scroll of identify
 t - 2 scrolls of enchant armour
Potions
 e - 5 potions of curing
 f - a potion of heal wounds
 g - a potion of brilliance
 h - 4 potions of magic


   Skills:
 + Level 15.6 Fighting
 + Level 14.2 Maces & Flails
 + Level 15.6 Armour
 + Level 15.6 Shields


You had 10 spell levels left.
You didn't know any spells.
Your spell library was empty.

Dungeon Overview and Level Annotations

Branches:
Dungeon (1/1)

Altars:
Cheibriados
Dithmenos
Elyvilon
Fedhas
Gozag
Hepliaklqana
Kikubaaqudgha
Makhleb
Nemelex Xobeh
Okawaru
Qazlal
Ru
Sif Muna
Trog
Uskayaw
Vehumet
Wu Jian
Xom
Yredelemnul
Zin
The Shining One
Beogh
Jiyva
Lugonu


Innate Abilities, Weirdness & Mutations

You are immune to sickness and miasma.
Your stone body is resilient. (AC +8)
You are immune to poison.
You resist negative energy. (rN+)
You are resistant to electric shocks. (rElec)
You are resistant to unholy torment.
You are immune to petrification.


Message History

The orc warrior completely misses you.
The orc knight roars a battlecry!
The orcs go into a battle-frenzy!
The orc knight roars a battlecry!
The orc knight goes into a battle-frenzy!
You hit the orc warrior but do no damage.
The orc warrior closely misses you.
You barely miss the orc warrior. You block the orc warrior's attack.
You puncture the orc warrior!
The orc warrior is severely wounded.
The orc warrior barely misses you.
An orc warrior comes into view. It is wielding a +0 scimitar.
You completely miss the orc warrior.
The orc warrior is severely wounded.
The orc warrior hits you with a +0 flail!!
You take 22 damage, and have 29/82 hp.
MASSIVE DAMAGE!!
You hit the orc warrior.
The orc warrior is almost dead.
You sock the orc warrior!
You kill the orc warrior!
Okawaru accepts your kill.
You sock the orc warrior!
The orc warrior is heavily wounded.
The orc warrior hits you with a +0 battleaxe.
* * * LOW HITPOINT WARNING * * *
You barely miss the orc warrior.
The orc warrior is heavily wounded.
The orc warrior hits you with a +0 battleaxe!!
* * * LOW HITPOINT WARNING * * *
You barely miss the orc warrior.
The orc warrior is heavily wounded.
You puncture the orc warrior!
You kill the orc warrior!
Okawaru accepts your kill.
You take 23 damage, and have 6/83 hp.
MASSIVE DAMAGE!!
You hit the orc knight.
The orc knight is lightly wounded.
The orc warrior no longer looks unusually strong.
The orc knight hits you with a +1 battleaxe!!
You die...

▓_▓.▓÷▓.▓.▓
▓_▓.▓.▓.▓.▓
▓_▓.▓.▓.▓.▓
▓_▓.▓.▓.▓.▓
▓_▓.▓.▓.▓.▓
▓_▓.▓.▓.▓)▓
▓_▓.▓.▓.▓$▓
▓_▓.▓.▓.▓)▓
▓_▓.▓.▓.▓@▓
▓_▓.▓[▓.▓o▓
▓_▓.▓†▓.▓o▓
▓_▓.▓.▓.▓o▓
▓_▓.▓.▓.▓.▓
▓_▓.▓.▓.▓o▓
▓_▓.▓.▓.▓.▓
▓_▓.▓.▓.▓.▓
▓_▓.▓.▓.▓


You could see 2 orc knights, an orc warrior and an orc (strong).

Vanquished Creatures
  2 hydras (D)
  A centaur warrior (D)
  An orc sorcerer (D)
  An orc knight (D)
  A black mamba (D)
  A gargoyle (D)
  5 cane toads (D)
  A rime drake (D)
  2 komodo dragons (D)
  A meliai (shapeshifter) (D)
  A troll (D)
  A slime creature (D)
  5 polar bears (D)
  A yak (D)
  2 wyverns (D)
  3 water moccasins (D)
  9 orc warriors (D)
  3 black bears (D)
  A wolf (D)
  A bullfrog (D)
  2 gnoll sergeants (D)
  A howler monkey (D)
  6 orc priests (D)
  An orc wizard (D)
  An adder (D)
  5 orcs (D)
  2 hobgoblins (D)
  2 jackals (D)
  A quokka (D)
  A goblin (D)
  A jackal zombie (D)
  A rat (D)
67 creatures vanquished.

Vanquished Creatures (others)
  A manticore (D)
  A vampire mosquito (D)
2 creatures vanquished.

Grand Total: 69 creatures vanquished

Notes
Turn   | Place    | Note
-------+----------+-------------------------------------------
     0 | D        | tatocazan the Gargoyle Fighter began the quest for the Orb.
     0 | D        | Reached XP level 1. HP: 14/14 MP: 1/1
    23 | D        | Noticed a water moccasin
    34 | D        | Killed a water moccasin
    35 | D        | Reached XP level 2. HP: 22/22 MP: 2/2
    35 | D        | Reached XP level 3. HP: 27/27 MP: 3/3
    35 | D        | Reached XP level 4. HP: 32/32 MP: 4/4
    38 | D        | Reached skill level 5 in Maces & Flails
    42 | D        | Reached XP level 5. HP: 36/36 MP: 5/5
    51 | D        | Found a snail-covered altar of Cheibriados.
    51 | D        | Found a shadowy altar of Dithmenos.
    51 | D        | Found a white marble altar of Elyvilon.
    51 | D        | Found a blossoming altar of Fedhas.
    51 | D        | Found an opulent altar of Gozag.
    52 | D        | Found a hazy altar of Hepliaklqana.
    53 | D        | Found a viscous altar of Jiyva.
    54 | D        | Found an ancient bone altar of Kikubaaqudgha.
    55 | D        | Found a corrupted altar of Lugonu.
    56 | D        | Found a burning altar of Makhleb.
    57 | D        | Found a sparkling altar of Nemelex Xobeh.
    58 | D        | Found an iron altar of Okawaru.
    59 | D        | Found a stormy altar of Qazlal.
    60 | D        | Found a sacrificial altar of Ru.
    61 | D        | Found a shimmering blue altar of Sif Muna.
    62 | D        | Found a bloodstained altar of Trog.
    63 | D        | Found a hide-covered altar of Uskayaw.
    64 | D        | Found a radiant altar of Vehumet.
    65 | D        | Found an ornate altar of the Wu Jian Council.
    66 | D        | Became a worshipper of Warmaster Okawaru
    67 | D        | Found a shimmering altar of Xom.
    68 | D        | Found a basalt altar of Yredelemnul.
    69 | D        | Found a glowing silver altar of Zin.
    70 | D        | Found a glowing golden altar of the Shining One.
    86 | D        | Got the +2 morningstar of a bazaar {vorpal, Int+3}
   122 | D        | Noticed a troll
   122 | D        | Noticed an orc warrior
   132 | D        | Reached XP level 6. HP: 39/44 MP: 6/6
   141 | D        | Killed a troll
   141 | D        | Reached * piety under Okawaru
   142 | D        | Reached XP level 7. HP: 27/50 MP: 7/7
   144 | D        | Reached ** piety under Okawaru
   286 | D        | Noticed a gargoyle
   286 | D        | Noticed a manticore
   286 | D        | Noticed a vampire mosquito
   286 | D        | Noticed a centaur warrior
   286 | D        | Noticed a slime creature
   295 | D        | Killed a gargoyle
   297 | D        | Killed a manticore
   298 | D        | Reached skill level 10 in Fighting
   298 | D        | Reached skill level 10 in Armour
   298 | D        | Reached skill level 10 in Shields
   298 | D        | Reached XP level 8. HP: 37/57 MP: 8/8
   309 | D        | Killed a centaur warrior
   309 | D        | Reached *** piety under Okawaru
   310 | D        | Reached skill level 10 in Maces & Flails
   318 | D        | Killed a slime creature
   319 | D        | Reached XP level 9. HP: 25/64 MP: 9/9
   338 | D        | Noticed a meliai
   338 | D        | a golden eye changed into a meliai
   344 | D        | Killed a meliai
   344 | D        | Reached **** piety under Okawaru
   639 | D        | Noticed a komodo dragon
   639 | D        | Noticed a five-headed hydra
   643 | D        | Killed a komodo dragon
   647 | D        | Noticed a cane toad
   648 | D        | Killed a five-headed hydra
   655 | D        | Reached ***** piety under Okawaru
   661 | D        | Noticed a cane toad
   669 | D        | Received a gift from Okawaru
   670 | D        | Reached XP level 10. HP: 46/72 MP: 10/10
   682 | D        | Killed a cane toad
   685 | D        | HP: 3/73 [cane toad (3)]
   692 | D        | Killed a cane toad
   875 | D        | Noticed a four-headed hydra
   875 | D        | Noticed a cane toad
   875 | D        | Noticed a cane toad
   875 | D        | Noticed a black mamba
   879 | D        | Noticed a cane toad
   882 | D        | Killed a four-headed hydra
   883 | D        | Killed a cane toad
   887 | D        | Killed a cane toad
   894 | D        | Killed a black mamba
   897 | D        | Killed a cane toad
   897 | D        | Identified the -1 pair of boots of Integrity {rPois}
                  | (Okawaru gifted it to you in the Dungeon)
   897 | D        | Received a gift from Okawaru
   906 | D        | Reached XP level 11. HP: 35/80 MP: 11/11
  1141 | D        | Reached skill level 15 in Fighting
  1141 | D        | Reached skill level 15 in Armour
  1141 | D        | Reached skill level 15 in Shields
  1569 | D        | Got the +1 ring mail "Vaytos" {Int+4 Dex+3}
  1835 | D        | Noticed an orc knight
  1843 | D        | Noticed an orc sorcerer
  1850 | D        | Killed an orc knight
  1851 | D        | Noticed an orc knight
  1855 | D        | Killed an orc sorcerer
  1857 | D        | Noticed an orc knight
  1873 | D        | Demolished by an orc knight

Illustrated notes

Levels and vault maps discovered:
D:        linesprint [early_d, line_temple, items_1, d_10, items_2, lair_1,
          lair_end, items_3, orc_1, orc_end, items_4, d_15, swamp_1, shoals_1,
          snake_1, spider_1, d_20, vaults_1, items_5, swamp_end, shoals_end,
          snake_end, spider_end, vaults_end, d_27, items_6, zot_1, zot_end,
          crypt_end, forest_end, elf_end, slime_end, tomb_end, abyss_end,
          pan_hell_end]

Skill      XL: |  1  2  3  4  5  6  7  8  9 10 11 |
---------------+----------------------------------+-----
Fighting       | 6 7 8 10 11 12 14 15 | 15.6
Maces & Flails | 4 5 6 7 8 10 11 13 14 | 14.2
Armour         | 6 7 8 10 11 12 14 15 | 15.6
Shields        | 6 7 8 10 11 12 14 15 | 15.6

Action                   |  1- 3 |  4- 6 |  7- 9 | 10-12 || total
-------------------------+-------+-------+-------+-------++-------
Melee: Flail             |    23 |    10 |       |       ||    33
       Morningstar       |       |    15 |    65 |   149 ||   229
Invok: Heroism           |       |       |       |     1 ||     1
  Use: Potion            |     1 |     2 |     5 |     4 ||    12
 Stab: Invisible         |       |       |     1 |       ||     1
Armor: Scale mail        |     4 |     7 |       |       ||    11
       Ring mail         |       |    12 |    30 |    61 ||   103
Dodge: Dodged            |    11 |    11 |    29 |    41 ||    92
Block: Buckler           |     9 |     6 |    16 |    54 ||    85

Table legend: (Time is in decaauts)
 A = Elapsed time spent in this place.
 B = Non-inter-level travel time spent in this place.
 C = Inter-level travel time spent in this place.
 D = Time resting spent in this place.
 E = Time spent auto-exploring this place.
 F = Levels seen in this place.
 G = Mean time per level.
                   A        B        C        D        E       F      G
               +--------+--------+--------+--------+--------+-----+--------+
         Total |   1858 |   1754 |    104 |    975 |    337 |   1 | 1858.0 |
       Dungeon |   1858 |   1754 |    104 |    975 |    337 |   1 | 1858.0 |
               +--------+--------+--------+--------+--------+-----+--------+

Top non-repeatable levels by time:
       D: 1858 daAuts
